AoeStats
← 队友打架我劝导

Arabia

510801950Analyzed
1v1 RM · 10h ago on Oct 2, 2026· 26m 37s· 2 players
Game mode
Random Map
Map size
Tiny (2 player)
Population
200
Speed
Normal
Resources
Standard
Victory
Conquest
Starting age
Dark Age
Ending age
Imperial Age
RankedLock teamsTeams togetherTeam positionsShared explorationLock speedFull tech treeHidden civsTurbo modeCheats
Victory
Defeat
1067
+17
🇧🇪 Lithuanians · Belgium
1080
-17
队友打架我劝导
9:32 Feudal Age
11:26 Loom
25:11 Castle Age
24:55 Scale Barding Armor
25:00 Forging
hugojanin
6:35 Loom
9:22 Feudal Age
9:34 Man-at-Arms
22:15 Castle Age
21:13 Scale Barding Armor
21:14 Double-Bit Axe
Connection lost

Rejoining the realm…

Still unreachable

The connection could not be restored.

Session expired

The server has moved on; the page needs a fresh start.